Map: Blackrock LE

Players

Red - Winner!

  • Race: Terran Terran
  • League: Grandmaster
  • Spawn Location: 7:00

RipNHammer

  • Race: Terran Terran
  • League: Master
  • Spawn Location: 1:00

VOD

Have the link to the VOD?

Description

Time

  • Played on: Sept. 7, 2026, 1:05 p.m.
  • Length: 8:39
Show
View Real Time Build Order
Export as new Build Order

Red Terran - Winner!

Build Orders:  

Get SALT Encoding   

  8  0:00  SCV  
  9  0:12  SCV  
  10  0:24  SCV  
  11  0:29  Supply Depot  
  11  0:36  SCV  
  12  0:49  SCV  
  13  0:55  Barracks  
  13  1:01  SCV  
  14  1:05  Refinery  
  14  1:13  SCV  
  14  1:17  Refinery  
  15  1:25  SCV  
  16  1:41  Orbital Command  
  16  1:46  Reaper  
  17  2:06  Factory  
  17  2:08  SCV  
  18  2:20  SCV  
  18  2:21  Reaper  
  20  2:32  SCV  
  21  2:46  Command Center  
  21  2:53  Supply Depot, SCV  
  21  2:54  Factory Tech Lab  
  21  3:08  Barracks Reactor  
  21  3:14  SCV  
  21  3:15  Cyclone  
  21  3:17  Supply Depot  
  25  3:24  Starport  
  25  3:38  SCV  
  24  3:47  Marine x2  
  26  3:50  SCV  
  27  3:57  Factory Tech Lab  
  27  4:05  Orbital Command  
  27  4:07  Refinery  
  27  4:08  SCV  
  27  4:09  Raven  
  31  4:17  Siege Tank  
  31  4:20  SCV  
  31  4:23  Marine  
  35  4:27  Marine  
  36  4:32  SCV x2  
  38  4:43  Raven  
  38  4:44  SCV x2  
  42  4:49  Supply Depot  
  42  4:55  Marine x2  
  42  4:56  SCV  
  42  4:58  SCV  
  46  5:04  Siege Tank  
  46  5:05  Interference Matrix  
  49  5:08  SCV  
  49  5:10  SCV  
  49  5:11  Supply Depot  
  51  5:21  SCV, Raven  
  54  5:22  SCV  
  54  5:33  SCV  
  54  5:34  SCV  
  53  5:45  SCV  
  54  5:50  Marine x2  
  54  5:53  Command Center  
  54  5:54  SCV  
  57  5:57  SCV  
  58  6:06  SCV  
  58  6:08  Marine  
  58  6:09  SCV  
  61  6:13  Siege Tank  
  61  6:17  Supply Depot x2  
  61  6:18  SCV  
  65  6:21  SCV  
  64  6:30  SCV  
  64  6:37  SCV  
  65  6:42  SCV  
  66  6:49  Viking x2, SCV  
  66  6:52  Siege Tank  
  74  6:54  SCV  
  75  7:01  SCV  
  75  7:06  Marine, SCV  
  79  7:13  SCV  
  79  7:18  Barracks, SCV  
  79  7:19  Viking x2  
  84  7:24  Marine  
  85  7:41  Orbital Command  
  84  7:49  Viking, SCV  
  75  7:56  SCV  
  68  8:00  Marine  
  68  8:01  SCV  
  64  8:08  SCV  
  59  8:13  SCV  
  59  8:18  Marine  
  60  8:20  SCV  
  60  8:25  SCV  
Show
View Real Time Build Order
Export as new Build Order

RipNHammer Terran 

Build Orders: Reaper Expand 

Get SALT Encoding   

  8  0:01  SCV  
  9  0:13  SCV  
  10  0:25  SCV  
  11  0:37  SCV  
  11  0:42  Supply Depot  
  12  0:49  SCV  
  13  1:03  SCV  
  14  1:05  Barracks  
  14  1:11  Refinery  
  14  1:15  SCV  
  14  1:17  Refinery  
  15  1:27  SCV  
  16  1:39  SCV  
  17  1:52  Reaper, Orbital Command  
  18  2:10  Factory  
  18  2:19  SCV  
  19  2:26  Barracks Reactor  
  19  2:28  Supply Depot  
  19  2:35  SCV  
  20  2:50  SCV  
  20  2:52  Command Center  
  20  2:56  Hellion  
  22  3:02  SCV  
  23  3:07  Marine  
  23  3:08  Marine  
  24  3:14  SCV  
  24  3:18  Hellion  
  27  3:26  Starport  
  26  3:38  SCV  
  26  3:40  Factory Tech Lab  
  25  3:50  SCV  
  25  3:52  Supply Depot  
  26  4:02  Hellion, SCV  
  29  4:08  Liberator  
  32  4:14  SCV  
  33  4:19  Orbital Command  
  33  4:26  Hellion  
  33  4:29  SCV  
  36  4:37  Orbital Command  
  36  4:38  Barracks Tech Lab  
  36  4:41  SCV  
  37  4:54  SCV  
  37  4:58  Stimpack  
  37  4:59  Marine  
  39  5:00  Barracks  
  39  5:02  Factory Tech Lab  
  39  5:03  SCV  
  39  5:06  SCV  
  41  5:10  Supply Depot  
  41  5:14  Medivac  
  43  5:15  SCV  
  43  5:17  Marine  
  43  5:18  SCV  
  44  5:33  SCV x2  
  44  5:35  Marine  
  41  5:41  Siege Tank  
  44  5:45  SCV, Medivac  
  44  5:47  Barracks  
  44  5:48  Marine x2  
  49  5:53  Marine  
  49  5:54  SCV  
  49  5:56  Supply Depot  
  51  6:00  SCV  
  52  6:06  Marine x2  
  52  6:10  Marine  
  55  6:19  Siege Tank  
  55  6:20  Medivac  
  55  6:22  SCV x2  
  55  6:23  Marine  
  55  6:24  Marine  
  64  6:28  Marine  
  64  6:31  Supply Depot  
  65  6:34  Marine  
  64  6:41  Marine x2  
  64  6:44  Supply Depot  
  66  6:47  Marine  
  66  6:50  Combat Shield  
  66  6:53  Marine  
  61  7:09  Marauder, Siege Tank  
  68  7:20  Orbital Command, Marine  
  69  7:25  Medivac  
  69  7:28  SCV  
  70  7:30  Marine  
  63  7:53  Marine  
  63  7:54  Marine  
  55  8:11  Marine x2  
Tags
 
Matchup
TvT
Race
Terran
Replay Pack
RipNHammer
Spawn Locations
Cross Positions
Add a new tag
Caveats
  • Supply blocks, unpowered buildings, or Contaminate may cause inaccurate times.
  • Supply counts are checked every 10 seconds.